Map: Tours du crépuscule

Players

llllllllllll

  • Race: Zerg Zerg
  • League: Master

Slide - Winner!

  • Race: Terran Terran

VOD

Have the link to the VOD?

Description

Time

  • Played on: Jan. 17, 2016, 9:37 p.m.
  • Length: 3:58
Show
View Real Time Build Order
Export as new Build Order

llllllllllll Zerg 

Build Orders: Pool First 

Get SALT Encoding   

  12  0:01  Drone  
  13  0:14  Drone  
  13  0:15  Extractor  
  13  0:29  Spawning Pool  
  13  0:32  Drone  
  13  0:37  Drone  
  14  0:46  Overlord  
  14  1:15  Queen  
  14  1:17  Roach Warren  
  15  1:57  Roach x3  
  21  2:07  Overlord  
  21  2:21  Zergling x2  
  22  2:26  Ravager  
  22  2:27  Ravager  
  25  2:30  Ravager  
  25  2:38  Zergling x2  
  25  2:39  Zergling x4  
  28  2:49  Hatchery  
  27  2:53  Zergling x2  
  27  2:55  Zergling x2  
  27  2:58  Zergling x2  
  30  3:09  Overlord  
  29  3:29  Zergling x8  
  29  3:30  Zergling x2  
Show
View Real Time Build Order
Export as new Build Order

Slide Terran - Winner!

Build Orders: Command Center First (CC) 

Get SALT Encoding   

  12  0:01  SCV  
  13  0:13  SCV  
  14  0:18  Supply Depot  
  14  0:25  SCV  
  15  0:39  SCV  
  16  0:52  SCV  
  17  1:01  Command Center  
  17  1:04  SCV  
  18  1:17  Barracks  
  18  1:24  SCV  
  19  1:26  Refinery  
  19  1:35  Barracks  
  19  1:39  SCV  
  20  1:51  SCV  
  21  1:58  Barracks  
  21  2:05  Marine  
  22  2:11  Orbital Command  
  22  2:22  Bunker  
  22  2:25  Marine  
  22  2:28  Barracks Tech Lab  
  23  2:35  Orbital Command  
  23  2:42  SCV  
  24  2:44  Marine  
  24  2:45  Marine  
  26  2:53  Marauder  
  26  2:55  SCV  
  29  3:02  Concussive Shells, Marine  
  29  3:03  SCV  
  31  3:07  SCV  
  32  3:19  Marine  
  36  3:20  Marauder  
  36  3:24  Marine  
  38  3:29  Supply Depot  
  36  3:34  SCV  
  36  3:36  SCV  
  38  3:46  Barracks Tech Lab  
Tags
 
Add a new tag
Caveats
  • Supply blocks, unpowered buildings, or Contaminate may cause inaccurate times.
  • Supply counts are checked every 10 seconds.